 Dungeon Crawl Stone Soup version 0.24.1-4-ge52af88ad5 (webtiles) character file.

Game seed: 13969568381320220993, levelgen mode: deterministic

67834 Peloso the Fencer (level 14, -2/130 HPs)
             Began as a Minotaur Fighter on Apr 16, 2020.
             Was the Champion of Okawaru.
             Slain by Agnes
             ... wielding a +0 lajatang
              (27 damage)
             ... on level 13 of the Dungeon.
             The game lasted 01:01:31 (23874 turns).

Peloso the Fencer (Minotaur Fighter)               Turns: 23874, Time: 01:01:31

Health: -2/130     AC: 24    Str: 29    XL:     14   Next: 84%
Magic:  12/14      EV: 13    Int:  8    God:    Okawaru [******]
Gold:   1572       SH: 16    Dex: 11    Spells: 13/13 levels left

rFire    + . .     SeeInvis .   a - +5 double sword (venom)
rCold    x . .     Gourm    .   c - +0 shield
rNeg     . . .     Faith    +   G - +0 plate armour
rPois    .         Spirit   .   I - +2 hat {Int+3}
rElec    .         Reflect  .   r - +0 cloak
rCorr    .         Harm     .   (no gloves)
MR       +....                  H - +0 pair of boots
Stlth    ..........             e - amulet of faith
HPRegen  0.31/turn              C - +2 ring of slaying
MPRegen  0.14/turn              D - ring "Gihakivul" {Fire Str+4}

@: heroism
A: retaliatory headbutt, horns 2
a: Heroism, Finesse, Renounce Religion


You were on level 13 of the Dungeon.
You worshipped Okawaru.
Okawaru was exalted by your worship.
You were not hungry.

You visited 4 branches of the dungeon, and saw 20 of its levels.
You also visited: Trove and Ossuary.

You collected 1929 gold pieces.
You spent 357 gold pieces at shops.

Inventory:

Hand Weapons
 a - a +5 double sword of venom (weapon)
 b - the +4 whip "Olinum" {flame, rPois Str+3 Stlth-}
   (You found it on level 5 of the Dungeon)

   It has been specially enchanted to burn those struck by it, causing extra
   injury to most foes and up to half again as much damage against particularly
   susceptible opponents.
   It affects your strength (+3).
   It protects you from poison.
   It makes you less stealthy.
 K - the +0 sword of Power
   (Okawaru gifted it to you on level 2 of the Orcish Mines)
 R - a +6 double sword of holy wrath
Armour
 c - a +0 shield (worn)
 m - a +0 scale mail
 r - a +0 cloak (worn)
 G - a +0 plate armour (worn)
 H - a +0 pair of boots (worn)
 I - a +2 hat of intelligence (worn)
 M - a +1 pair of boots of flying
Jewellery
 e - an amulet of faith (around neck)
 h - an uncursed amulet of rage
 u - an uncursed ring of flight
 x - an uncursed amulet of guardian spirit
 C - a +2 ring of slaying (left hand)
 D - the ring "Gihakivul" (right hand) {Fire Str+4}
   (You found it on level 6 of the Dungeon)

   [ring of fire]

   It enhances your fire magic.
   It affects your strength (+4).
   It protects you from fire.
   It makes you vulnerable to cold.
 E - an uncursed ring of see invisible
Wands
 p - a wand of acid (11)
 v - a wand of iceblast (19)
 P - a wand of polymorph (8)
Scrolls
 g - 7 scrolls of remove curse
 i - a scroll of amnesia
 j - 2 scrolls of teleportation
 k - a scroll of fog
 l - a scroll of brand weapon
 n - a scroll of blinking
 s - 3 scrolls of noise
 y - a scroll of fear {unknown}
 B - a scroll of magic mapping
Potions
 d - 2 potions of might
 o - a potion of berserk rage
 q - 8 potions of curing
 t - 4 potions of heal wounds
 w - 2 potions of haste
 z - 2 potions of agility
 F - a potion of cancellation
 L - 2 potions of mutation
 O - a potion of ambrosia
 T - 2 potions of invisibility
Miscellaneous
 J - a sack of spiders
 U - a box of beasts
Comestibles
 f - 36 rations
 A - 2 chunks of flesh


   Skills:
 + Level 13.7(18.7) Fighting
 + Level 17.3(22.3) Long Blades
 + Level 2.7(7.7) Maces & Flails
 + Level 14.6(19.6) Armour
 + Level 4.4(9.4) Dodging
 + Level 1.7(6.7) Stealth
 + Level 15.0(20.0) Shields
 + Level 2.1 Invocations
 + Level 0.1 Evocations


You had 13 spell levels left.
You didn't know any spells.
Your spell library contained the following spells:

 Spells                   Type           Power        Failure   Level  Hunger
 Animate Skeleton         Necr           N/A          88%         1    ##.....
 Apportation              Tloc           #.....       88%         1    ##.....
 Confusing Touch          Hex            #.....       88%         1    ##.....
 Corona                   Hex            #......      88%         1    ##.....
 Summon Small Mammal      Summ           #...         88%         1    ##.....
 Ensorcelled Hibernation  Hex/Ice        #.....       96%         2    ###....
 Sublimation of Blood     Necr           #.........   96%         2    ###....
 Confuse                  Hex            #.......     99%         3    ####...
 Dazzling Spray           Conj/Hex       #.....       99%         3    ####...
 Ignite Poison            Fire/Tmut/Pois #.......     99%         3    ####...
 Tukima's Dance           Hex            #.......     99%         3    ####...
 Petrify                  Tmut/Erth      #.......     100%        4    #####..
 Alistair's Intoxication  Tmut/Pois      #.......     100%        5    ######.
 Irradiate                Conj/Tmut      #.........   100%        5    ######.


Dungeon Overview and Level Annotations

Branches:
Dungeon (14/15)            Temple (1/1) D:7            Lair (3/6) D:11
  Swamp (0/4) Lair:2        Snake (0/4) Lair:3          Orc (2/2) D:9
    Elf (0/3) Orc:2       Ossuary (visited)
 Vaults: D:13-14

Altars:
Ashenzari
Cheibriados
Dithmenos
Elyvilon
Fedhas
Gozag
Hepliaklqana
Kikubaaqudgha
Makhleb
Nemelex Xobeh
Okawaru
Qazlal
Ru
Sif Muna
Trog
Uskayaw
Vehumet
Wu Jian
Xom
Yredelemnul
Zin
The Shining One

Shops:
Orc:2 *(((:

Annotations:
D:13 Agnes
D:14 Urug
Lair:3 Rupert


Innate Abilities, Weirdness & Mutations

You reflexively headbutt those who attack you in melee.
You have a pair of horns on your head.


Message History

You block Agnes's attack.
You slice Agnes!!
Agnes looks as sick as possible!
Your headbutt misses Agnes.
Agnes is moderately wounded.
You block Agnes's attack.
You slash Agnes!
Agnes looks as sick as possible!
Your headbutt misses Agnes.
Agnes is heavily wounded.
Agnes hits you with a +0 lajatang!
* * * LOW HITPOINT WARNING * * *
You closely miss Agnes. Your headbutt misses Agnes.
Agnes is heavily wounded.
Agnes barely misses you. You furiously retaliate!
You headbutt Agnes!
You riposte.
You barely miss Agnes.
Agnes is heavily wounded.
You slice Agnes!!
Agnes looks as sick as possible!
Agnes is severely wounded.
You block Agnes's attack.
You barely miss Agnes.
Agnes is severely wounded.
Agnes hits you with a +0 lajatang!!
You die...

#..........# #.# #..........# #.#
###.######## #.##### #...##
#...#≈## ### ###..# #.#.≈#≈###≈#
##.# #.#≈..#≈#≈#≈ ####.#######
###'≈#...#≈#.# ####..........####
#....≈#...#... #..............i@#
#.....≈#...#).
#.##..........##.###......≈#.#≈#.
..##..........##...'.....≈#.#≈#≈#
####..........######....≈#...#≈#.
#..........# #..[>.≈#...#..
###.######## #####'#≈#...#. #..##
##..##≈#.#≈# ##..# #..####≈#≈#≈
##.# #.## ##≈###


You could see Agnes.

Vanquished Creatures
  Gastronok (D:8)
  Frances (D:13)
  A fire giant (D:13)
  2 orc warlords
  Nessos (D:13)
  Snorg (D:14)
  3 hydras
  Harold (D:8)
  20 two-headed ogres
  A centaur warrior (D:12)
  A queen ant (Lair:2)
  4 ogre magi (Orc:2)
  The ghost of Gruesph the Cleaver, a novice DDFi of Makhleb (D:6)
  2 unseen horrors
  2 deep elf magi
  6 ugly things
  4 orc sorcerers
  A manticore (D:13)
  A cyclops (Orc:2)
  4 elephants (Lair:3)
  2 black mambas (Lair:3)
  A guardian serpent (shapeshifter) (D:14)
  A gargoyle (D:14)
  5 spiny frogs
  4 centaur skeletons
  3 komodo dragons (Lair:1)
  A freezing wraith (D:14)
  5 trolls
  A meliai (D:13)
  2 hornets
  A bog body (Lair:2)
  6 hippogriffs
  Sigmund (D:5)
  2 water elementals (D:13)
  2 wyverns (Lair:3)
  A vampire (D:14)
  2 basilisks
  27 yaks
  14 humans (D:14)
  4 hungry ghosts
  9 wargs
  4 nagas (Lair:3)
  An acid dragon (D:13)
  11 water moccasins
  10 soldier ants
  4 ice beasts
  7 porcupines
  15 orc warriors
  A sky beast (D:10)
  4 black bears
  A phantom (D:10)
  5 necrophages
  9 centaurs
  3 wolves (D:10)
  28 ogres
  5 crocodiles
  5 big kobolds
  4 elf zombies (Ossuary)
  9 bullfrogs
  A gnoll sergeant (D:11)
  A water moccasin skeleton (D:11)
  5 scorpions
  6 wights
  2 electric eels (Lair:2)
  7 howler monkeys
  A vampire bat (D:7)
  6 crimson imps
  2 human zombies (Ossuary)
  8 hounds
  A bullfrog zombie (D:12)
  9 centaur zombies
  A gnoll shaman (Orc:2)
  2 jellies
  A quasit (D:11)
  3 bullfrog skeletons
  Crazy Yiuf (D:2)
  12 orc priests
  Jessica (D:3)
  6 iguanas
  26 worker ants
  Natasha (D:2)
  10 orc wizards
  2 centaur simulacra (D:6)
  5 mummies
  Robin (D:3)
  15 gnolls
  A howler monkey skeleton (D:7)
  11 adders
  A shadow imp (D:8)
  2 white imps (D:6)
  An ooze (D:4)
  An adder zombie (D:9)
  An adder skeleton (D:4)
  A worm (D:2)
  A dart slug (D:1)
  7 leopard geckos
  78 orcs
  3 ball pythons
  4 bat skeletons (D:7)
  2 bat zombies (D:7)
  4 giant cockroaches
  11 hobgoblins
  12 jackals
  4 quokkas
  2 bats
  2 frilled lizards
  14 goblins
  A jackal simulacrum (D:6)
  27 kobolds
  A quokka skeleton (D:6)
  A quokka zombie (D:5)
  5 rats
  A fungus (Lair:3)
  4 plants (D:11)
617 creatures vanquished.

Vanquished Creatures (others)
  A fungus (D:11)
  2 plants (D:11)
3 creatures vanquished.

Grand Total: 620 creatures vanquished

Notes
Turn   | Place    | Note
-------+----------+-------------------------------------------
     0 | D:1      | Peloso the Minotaur Fighter began the quest for the Orb.
     0 | D:1      | Reached XP level 1. HP: 19/19 MP: 0/0
   225 | D:1      | Reached XP level 2. HP: 24/27 MP: 1/1
  1198 | D:2      | Reached XP level 3. HP: 27/33 MP: 2/2
  1259 | D:2      | Found a burning altar of Makhleb.
  1331 | D:2      | Noticed Natasha
  1338 | D:2      | Killed Natasha
  1542 | D:2      | Reached skill level 3 in Long Blades
  1694 | D:2      | Reached XP level 4. HP: 41/41 MP: 3/3
  1812 | D:2      | Found a runed translucent door.
  1813 | D:2      | Noticed Crazy Yiuf
  1820 | D:2      | Killed Crazy Yiuf
  1979 | D:3      | Found a basalt altar of Yredelemnul.
  2031 | D:3      | Reached XP level 5. HP: 30/47 MP: 4/4
  2220 | D:3      | Reached skill level 5 in Armour
  2249 | D:3      | Noticed Robin
  2263 | D:3      | Killed Robin
  2270 | D:3      | Reached skill level 4 in Long Blades
  2581 | D:3      | Noticed Jessica
  2586 | D:3      | Killed Jessica
  2586 | D:3      | Reached skill level 1 in Dodging
  2586 | D:3      | Reached skill level 5 in Shields
  2754 | D:4      | Reached XP level 6. HP: 44/53 MP: 5/5
  2895 | D:4      | Found a shadowy altar of Dithmenos.
  3249 | D:5      | Entered Level 5 of the Dungeon
  3253 | D:5      | Found a sparkling altar of Nemelex Xobeh.
  3333 | D:5      | Found a shimmering altar of Xom.
  3340 | D:5      | Reached skill level 5 in Long Blades
  3417 | D:5      | Reached XP level 7. HP: 60/60 MP: 6/6
  3457 | D:5      | Reached skill level 6 in Long Blades
  3558 | D:5      | Noticed Sigmund
  3570 | D:5      | Killed Sigmund
  3570 | D:5      | Reached skill level 5 in Fighting
  3592 | D:5      | Got an iridescent whip
  3593 | D:5      | Identified the +4 whip "Olinum" {flame, rPois Str+3 Stlth-}
                  | (You found it on level 5 of the Dungeon)
  3733 | D:5      | Found a blossoming altar of Fedhas.
  3784 | D:6      | Found an opulent altar of Gozag.
  3817 | D:6      | Identified a scroll of acquirement
  3822 | D:6      | Found a glowing golden altar of the Shining One.
  3829 | D:6      | Found a glowing silver altar of Zin.
  3855 | D:6      | Reached skill level 7 in Long Blades
  3894 | D:6      | Found a sand-covered staircase.
  3935 | Ossuary  | Entered an ossuary
  4045 | Ossuary  | Reached XP level 8. HP: 63/69 MP: 7/7
  4155 | Ossuary  | Reached skill level 8 in Long Blades
  4616 | D:6      | Reached skill level 9 in Long Blades
  4636 | D:6      | Noticed Gruesph's ghost (novice DDFi)
  4848 | D:6      | Found a runed translucent gate.
  4848 | D:6      | Found a runed translucent gate.
  4848 | D:6      | Found a runed translucent gate.
  4989 | D:7      | Found a staircase to the Ecumenical Temple.
  5024 | Temple   | Entered the Ecumenical Temple
  5363 | D:7      | Found an opulent altar of Gozag.
  5431 | D:7      | Reached XP level 9. HP: 47/78 MP: 8/8
  5559 | D:7      | Found a hide-covered altar of Uskayaw.
  5826 | D:7      | Found an ancient bone altar of Kikubaaqudgha.
  6024 | D:8      | Noticed Gastronok
  6036 | D:8      | Killed Gastronok
  6036 | D:8      | Reached skill level 11 in Long Blades
  6036 | D:8      | Noticed Harold
  6038 | D:8      | Reached XP level 10. HP: 88/88 MP: 9/9
  6510 | D:8      | Killed Harold
  6521 | D:8      | Reached skill level 1 in Stealth
  6900 | D:8      | You fall into a shaft and drop 1 floor!
  6922 | D:9      | Found an iron altar of Okawaru.
  6927 | D:9      | Became a worshipper of Warmaster Okawaru
  7091 | D:9      | Found a bloodstained altar of Trog.
  7275 | D:9      | Reached * piety under Okawaru
  7280 | D:9      | Reached skill level 10 in Shields
  7281 | D:9      | Found a staircase to the Orcish Mines.
  7569 | D:9      | Reached skill level 12 in Long Blades
  7665 | D:9      | Reached ** piety under Okawaru
  7766 | D:10     | Entered Level 10 of the Dungeon
  7919 | D:10     | Reached XP level 11. HP: 95/95 MP: 10/10
  7997 | D:10     | Found a white marble altar of Elyvilon.
  8245 | D:10     | Reached *** piety under Okawaru
  8251 | D:10     | Noticed an unseen horror
  8255 | D:10     | Killed an unseen horror
  8594 | D:10     | Reached skill level 10 in Armour
  8853 | D:10     | Reached skill level 13 in Long Blades
  8876 | D:11     | Found a staircase to the Lair.
  8897 | D:11     | Noticed a two-headed ogre
  8912 | D:10     | Reached **** piety under Okawaru
  9079 | D:11     | Killed a two-headed ogre
  9169 | D:11     | Reached ***** piety under Okawaru
  9255 | D:11     | Noticed a deep elf mage
  9525 | D:11     | Killed a deep elf mage
  9786 | D:11     | Found a portal to a secret trove of treasure.
  9791 | Trove    | Entered a treasure trove
 10044 | Trove    | Got a crude morningstar
 10045 | Trove    | Identified the +3 morningstar of Sulphur {elec, Str+4
                  | Int+4} (You found it in a treasure trove)
 10052 | Trove    | Got an encrusted whip
 10053 | Trove    | Identified the cursed +1 whip of Dajeuj {slash, rPois MR-
                  | Int+3 Dex+6} (You found it in a treasure trove)
 10064 | Trove    | Got a crude battleaxe
 10065 | Trove    | Identified the +8 battleaxe of Growth {chop, MR+ MP-9 SInv}
                  | (You found it in a treasure trove)
 10137 | D:11     | Reached skill level 10 in Fighting
 10265 | D:11     | Noticed a two-headed ogre
 10271 | D:11     | Killed a two-headed ogre
 10271 | D:11     | Reached XP level 12. HP: 76/106 MP: 11/11
 10343 | D:12     | Noticed a centaur warrior
 10350 | D:12     | Killed a centaur warrior
 10515 | D:12     | Reached skill level 14 in Long Blades
 10946 | Lair:1   | Entered Level 1 of the Lair of Beasts
 11143 | Lair:1   | Noticed an eight-headed hydra
 11145 | Lair:1   | Noticed a four-headed hydra
 11158 | Lair:1   | Killed an eight-headed hydra
 11162 | Lair:1   | Killed a four-headed hydra
 11162 | Lair:1   | Reached skill level 1 in Maces & Flails
 12730 | Lair:2   | Found a staircase to the Swamp.
 12782 | Lair:2   | Reached skill level 15 in Long Blades
 13143 | Lair:2   | Noticed a queen ant
 13195 | Lair:2   | Killed a queen ant
 13850 | Lair:3   | Reached XP level 13. HP: 103/116 MP: 12/12
 14148 | Lair:3   | Found a staircase to the Snake Pit.
 14389 | Lair:3   | Received a gift from Okawaru
 14520 | Lair:3   | Noticed Rupert
 14697 | Orc:1    | Entered Level 1 of the Orcish Mines
 16264 | D:6      | Killed Gruesph's ghost
 16285 | D:6      | Got the ring "Gihakivul" {Fire}
 16286 | D:6      | Identified the ring "Gihakivul" {Fire Str+4} (You found it
                  | on level 6 of the Dungeon)
 16960 | Orc:2    | Entered Level 2 of the Orcish Mines
 16983 | Orc:2    | Paralysed by an orc sorcerer for 5 turns
 16993 | Orc:2    | Found Comearr's Book Boutique.
 17020 | Orc:2    | Noticed an orc warlord
 17020 | Orc:2    | Paralysed by an orc sorcerer for 4 turns
 17356 | Orc:1    | Killed an orc warlord
 17665 | Orc:1    | Reached ****** piety under Okawaru
 18161 | Orc:2    | Noticed an orc warlord
 18163 | Orc:2    | Reached skill level 16 in Long Blades
 18175 | Orc:2    | Killed an orc warlord
 18176 | Orc:2    | Received a gift from Okawaru
 18736 | Orc:2    | Received a gift from Okawaru
 18737 | Orc:2    | Found the +0 sword of Power
 18746 | Orc:2    | Found Ogicygum's Weapon Shoppe.
 18746 | Orc:2    | Found Ecwufux's Weapon Boutique.
 18746 | Orc:2    | Found Ysaosoh's General Store.
 18746 | Orc:2    | Found Muapi's Antique Weapon Shoppe.
 18752 | Orc:2    | Reached skill level 1 in Invocations
 19333 | Orc:2    | Found a staircase to the Elven Halls.
 19435 | Orc:2    | Reached XP level 14. HP: 47/127 MP: 14/14
 19734 | Orc:2    | Received a gift from Okawaru
 19930 | Orc:2    | Bought 2 potions of mutation for 176 gold pieces
 19930 | Orc:2    | Bought a +1 pair of boots of flying for 181 gold pieces
 21382 | D:13     | Noticed Nessos
 21397 | D:13     | Killed Nessos
 21527 | D:13     | Noticed a fire giant
 21534 | D:13     | Killed a fire giant
 21534 | D:13     | Reached skill level 17 in Long Blades
 22220 | D:14     | Noticed Frances
 22728 | D:13     | Killed Frances
 23349 | D:14     | Noticed Snorg
 23360 | D:14     | Killed Snorg
 23360 | D:14     | Received a gift from Okawaru
 23620 | D:14     | Noticed Urug
 23645 | D:14     | Reached skill level 15 in Shields
 23680 | D:14     | HP: 6/130 [acid (12)]
 23858 | D:14     | Noticed Agnes
 23874 | D:13     | Slain by Agnes

Levels and vault maps discovered:
D:1:      psy_arrival_terrarium, layout_loops_ring, st_stairs_8
D:2:      layout_basic, lemuel_crystal_altar, first_ration,
          minmay_misc_feat_rows, kennysheep_generic_room_7, uniq_natasha,
          uniq_crazy_yiuf_cottage
D:3:      layout_loops_ring, yredelemnul_altar_generic, uniq_jessica, uniq_robin
D:4:      layout_basic, grunt_dithmenos_smoke_and_mirrors
D:5:      layout_cave_pools, nemelex_xobeh_ov_fountains_minmay, led_xom_imps,
          lemuel_coloured_pillars_altar, uniq_sigmund
D:6:      layout_basic, amethyst_overflow_temple_binary, basic_altar,
          enter_ossuary_2, gammafunk_ghost_icy, kennysheep_generic_room_13
D:7:      layout_basic, kennysheep_vampire_church,
          eat_drink_and_be_merry_uskayaw, grunt_gozag_statues,
          minmay_temple_entry_statues_pillars
D:8:      layout_rooms, uniq_harold, uniq_gastronok
D:9:      layout_gridville, okawaru_ov_weapons_minmay, marbit_many_paths,
          minmay_orc_entry_guard_dogs
D:10:     layout_irregular_city, basic_altar
D:11:     layout_rooms, minmay_lair_entry_grove, enter_trove_3
D:12:     layout_roguey, serial_undead, serial_undead_c, serial_undead_b,
          serial_undead_b, serial_undead_c, serial_undead_f, serial_undead_d
D:13:     layout_roguey, grunt_ogre_cave, nicolae_water_bricks,
          minmay_three_doors, uniq_nessos
D:14:     layout_rooms, david_vaults_3, minmay_crystal_room,
          minmay_misc_feat_columns, hangedman_tell_no_tales, uniq_agnes,
          uniq_frances, uniq_snorg
Temple:   jpeg_temple_island
Lair:1:   layout_chaotic_city
Lair:2:   layout_cave_pods, skrybe_swamp_entry_bodies,
          chequers_serial_rivers_micro_b, zaba_antful_of_joy,
          infiniplex_staircase_pool
Lair:3:   layout_misc_corridors, minmay_snake_entry_guardpost_small,
          chequers_serial_rivers_micro_a, minivault_27,
          cheibrodos_lair_reptile_den, infiniplex_staircase_pool_2, uniq_rupert
Orc:1:    layout_caves
Orc:2:    st_orc_ogre_mass, layout_diamond_mine, serial_shops, shop,
          minmay_orc_keep

Skill      XL: |  1  2  3  4  5  6  7  8  9 10 11 12 13 14 |
---------------+-------------------------------------------+-----
Fighting       | 4 5 6 7 8 10 11 12 13 | 13.7
Armour         | 4 5 6 8 9 11 12 13 14 | 14.6
Shields        | 4 5 6 7 8 10 11 12 14 15 | 15.0
Long Blades    | 3 4 5 7 9 11 12 13 15 16 17 | 17.3
Dodging        | 1 2 3 4 |  4.4
Stealth        | 1 |  1.7
Maces & Flails | 1 2 |  2.7
Invocations    | 1 2 |  2.1
Evocations     | |  0.1

Action                   |  1- 3 |  4- 6 |  7- 9 | 10-12 | 13-15 || total
-------------------------+-------+-------+-------+-------+-------++-------
Melee: Long sword        |    69 |   193 |   259 |   515 |       ||  1036
       Headbutt          |    12 |    38 |    71 |   189 |   169 ||   479
       Double sword      |       |       |       |   267 |   527 ||   794
       Whip              |       |       |       |    10 |    11 ||    21
       Unarmed           |       |       |       |       |     4 ||     4
Invok: Heroism           |       |       |       |     2 |    12 ||    14
       Finesse           |       |       |       |       |     1 ||     1
 Abil: Evoke Flight      |       |       |       |       |     1 ||     1
  Use: Potion            |     3 |     2 |     2 |       |     3 ||    10
       Scroll            |       |       |    10 |    11 |    15 ||    36
  Eat: Chunk             |     2 |     5 |     6 |    19 |    20 ||    52
       Ration            |       |       |     1 |     2 |     4 ||     7
Armor: Scale mail        |    30 |    83 |    53 |       |       ||   166
       Plate armour      |       |       |    16 |   424 |   251 ||   691
Dodge: Dodged            |    21 |    60 |    71 |   209 |   163 ||   524
Block: Shield            |    30 |   102 |   117 |   560 |   389 ||  1198
       Rpst.: Long sword |     6 |    10 |    23 |    38 |       ||    77
       Double sword      |       |       |       |    17 |    36 ||    53
